 Dungeon Crawl Stone Soup version 0.28.0-43-g3370ac3207 (webtiles) character file.

Game seed: 6124847162168942875

19315 Araneus the Basher (level 12, -2/94 HPs)
             Began as a Demonspawn Fighter on Mar 14, 2022.
             Was the Champion of Okawaru.
             Killed by divine providence
             ... invoked by a meliai
              (11 damage)
             ... on level 3 of the Lair of Beasts.
             The game lasted 00:27:51 (10239 turns).

Araneus the Basher (Demonspawn Fighter)            Turns: 10239, Time: 00:27:52

Health: -2/94      AC: 24    Str: 26    XL:     12   Next: 35%
Magic:  18/18      EV:  8    Int: 11    God:    Okawaru [******]
Gold:   648        SH: 10    Dex: 21    Spells: 11/11 levels left

rFire   . . .      SeeInvis .   q - +1 morningstar
rCold   + . .      Faith    .   c - +0 buckler
rNeg    . . .      Spirit   .   u - +4 chain mail {rC+}
rPois   .          Reflect  +   (helmet restricted)
rElec   .          Harm     .   p - +2 cloak
rCorr   .          Rampage  .   n - +0 pair of gloves
Will    +....                   i - +1 pair of boots
Stlth   ..........              e - amulet "Ymeal" {Reflect Will+ Dex+8 SH+5}
HPRegen 0.25/turn               s - +6 ring of strength
MPRegen 0.16/turn               (no ring)

@: lethally poisoned (-2 -> -11)
A: horns 2, yellow scales 1, ignite blood 2, spiny 3
a: Renounce Religion, Heroism, Finesse, Duel


You were on level 3 of the Lair of Beasts.
You worshipped Okawaru.
Okawaru was exalted by your worship.
You visited 3 branches of the dungeon, and saw 12 of its levels.

You collected 648 gold pieces.

Inventory:

Hand Weapons
 q - a +1 morningstar (weapon)
Armour
 c - a +0 buckler (worn)
 i - a +1 pair of boots (worn)
 n - a +0 pair of gloves (worn)
 p - a +2 cloak (worn)
 u - a +4 chain mail of cold resistance (worn)
Jewellery
 e - the amulet "Ymeal" (around neck) {Reflect Will+ Dex+8 SH+5}
   (You found it on level 3 of the Lair of Beasts)

   [amulet of reflection]

   It reflects blocked missile attacks.
   Dex:       It affects your dexterity (+8).
   SH:        It affects your SH (+5).
   Will:      It increases your willpower.
 s - a +6 ring of strength (left hand)
Wands
 f - a wand of iceblast (5)
 k - a wand of paralysis (5)
 o - a wand of mindburst (13)
Scrolls
 g - 4 scrolls of teleportation
 t - 2 scrolls of fear
 z - a scroll of magic mapping
Potions
 a - 6 potions of curing
 b - a potion of magic
 d - 2 potions of might
 h - a potion of flight
 j - a potion of attraction
 l - a potion of lignification {unknown}
 v - a potion of brilliance
 w - 2 potions of mutation {unknown}


   Skills:
 + Level 8.7 Fighting
 + Level 14.5 Maces & Flails
 + Level 8.4 Armour
 - Level 2.6 Shields
 - Level 8.0 Invocations


You had 11 spell levels left.
You didn't know any spells.
Your spell library contained the following spells:

 Spells                   Type           Power      Damage    Failure   Level
 Magic Dart               Conj           0%         1d3       94%         1
 Ignite Poison            Fire/Tmut/Pois 0%         N/A       100%        3
 Mephitic Cloud           Conj/Pois/Air  0%         N/A       100%        3
 Portal Projectile        Hex/Tloc       0%         N/A       100%        3
 Leda's Liquefaction      Hex/Erth       0%         N/A       100%        4
 Freezing Cloud           Conj/Ice/Air   0%         6-21      100%        5
 Call Imp                 Summ           Unusable   N/A       N/A         2
 Call Canine Familiar     Summ           Unusable   N/A       N/A         3

Dungeon Overview and Level Annotations

Branches:
Dungeon (8/15)             Temple (1/1) D:5            Lair (3/6) D:8
  Swamp (0/4) Lair:3       Spider (0/4) Lair:3

Altars:
Ashenzari
Cheibriados
Dithmenos
Elyvilon
Fedhas
Gozag
Hepliaklqana
Kikubaaqudgha
Makhleb
Nemelex Xobeh
Okawaru
Qazlal
Ru
Sif Muna
Trog
Uskayaw
Vehumet
Wu Jian
Xom
Yredelemnul
Zin
The Shining One

Annotations:
Lair:2 2 transporters, dangdung's ghost, journeyman MiBe


Innate Abilities, Weirdness & Mutations

You have a pair of horns on your head.
You are partially covered in yellow scales. (AC +2)
Your demonic aura often causes spilled blood to erupt in flames.
You are completely covered in sharp spines.


Message History

You bludgeon the elephant!!
The elephant is moderately wounded.
You feel very sick.
You hear an angry buzzing noise. x2; You hear an angry hiss.
The elephant is engulfed in blazing flames.
The elephant is struck by your spines.
The elephant tramples you but does no damage.
The elephant closely misses you.
The meliai calls upon its god to heal the meliai.
The meliai's wounds heal themselves!
The meliai mumbles some strange prayers to its god against you.
Something smites you!
* * * LOW HITPOINT WARNING * * *
You hear an angry buzzing noise.
Aiming: Mindburst
Press: ? - help, Q - select action, (/) - cycle Shift-Dir - straight line, f - meliai
Aim: a meliai, wielding a +0 hand axe and wearing a +0 leather armour (chance to affect: 64%)
Okay, then.
Read: 3 scrolls of fear
Press: ? - help, Q - select action, (/) - cycle Dir - look around, f - activate Look: an elephant (flame, heavily wounded, chance to affect: 79%)
As you read the scroll of fear, it crumbles to dust.
You assume a fearsome visage.
The killer bee looks frightened! x2; The elephant looks frightened!
The killer bee looks frightened!
The meliai resists with some effort.
The meliai looks frightened!
The killer bee looks frightened!
* * * LOW HITPOINT WARNING * * *
You feel very sick.
You hear an angry buzzing noise. x2
The elephant is engulfed in blazing flames.
You hear an angry buzzing noise.
As you read the scroll of fog, it crumbles to dust.
The scroll dissolves into smoke.
* * * LOW HITPOINT WARNING * * *
You feel very sick.
Cornered, the killer bee turns to fight! x3
The meliai invokes the aid of its god against you.
Something smites you!
You die...

#..... #..... ###
.###..... ##.## .#.##....
##...## ....##.#. #.....#
.....###. #§§§..# ..[..#
#. ( ###§§§..###.....###.
#.H.##y#@§§.##.#....##.#.
#..y○##§#.....# ##....
#y..y.###.....# #.....
#yY...# #..#..# #.....
#y....# #.....###.....
##y...# ##...##.##...#
##y#.. ##.#....†#.## ##
.. ###.....#### ..#
#..(..# #


You could see an elephant (fleeing), 2 meliai and 5 killer bees.

Vanquished Creatures
  Gastronok (Lair:1)
  Erica (D:8)
  A two-headed ogre (D:7)
  Nergalle (Lair:1)
  The ghost of Turtleman12345 the Skirmisher, a novice DjCA of Ignis (D:7)
  Pikel (D:6)
  2 bog bodies (Lair:3)
  A black mamba (Lair:3)
  2 rime drakes
  6 cane toads
  2 komodo dragons
  The ghost of Ablot the Grasshopper, an amateur GnWr of Okawaru (D:5)
  A polar bear (Lair:1)
  Eustachio (D:6)
  4 wyverns
  30 yaks
  2 steam dragons (D:8)
  A redback (Lair:3)
  3 basilisks (Lair:1)
  2 swamp worms (Lair:3)
  Edmund (D:6)
  Duvessa (D:6)
  8 water moccasins
  2 sky beasts (D:7)
  An ice beast (D:6)
  4 black bears
  2 necrophages
  10 wolves
  An ogre (D:4)
  A kobold brigand (D:6)
  3 lemures (D:6)
  7 bullfrogs
  A gnoll sergeant (D:7)
  5 scorpions
  A wyvern skeleton (D:6)
  Dowan (D:6)
  11 killer bees
  A wight (D:5)
  2 electric eels
  A howler monkey (D:6)
  A centaur zombie (D:5)
  2 bullfrog zombies
  A hound (D:5)
  A jelly (D:5)
  Crazy Yiuf (D:2)
  A gnoll shaman (D:6)
  A centaur skeleton (D:5)
  3 orc priests
  2 bullfrog skeletons (D:5)
  3 orc wizards
  4 iguanas
  Robin (D:2)
  7 gnolls
  8 adders
  A shadow imp (D:5)
  2 worms (D:4)
  6 dart slugs
  17 orcs
  8 endoplasms
  14 goblins
  10 hobgoblins
  10 kobolds
  3 quokkas (D:3)
  4 ball pythons
  A bat (D:3)
  9 frilled lizards
  3 rats
252 creatures vanquished.

Vanquished Creatures (others)
  An orc wizard (D:8)
  A gnoll (D:8)
  25 fungi
  26 plants
53 creatures vanquished.

Grand Total: 305 creatures vanquished

Notes
Turn   | Place    | Note
-------+----------+-------------------------------------------
     0 | D:1      | Araneus the Demonspawn Fighter began the quest for the Orb.
     0 | D:1      | Reached XP level 1. HP: 18/18 MP: 1/1
    32 | D:1      | Reached skill level 2 in Maces & Flails
    32 | D:1      | Gained mutation: You are partially covered in sharp spines.
                  | [demonic ancestry]
    32 | D:1      | Reached XP level 2. HP: 17/24 MP: 2/2
   378 | D:1      | Reached skill level 3 in Maces & Flails
   465 | D:1      | Found a faded altar of an unknown god.
   640 | D:1      | Gained mutation: Your demonic aura sometimes causes spilled
                  | blood to erupt in flames. [demonic ancestry]
   640 | D:1      | Reached XP level 3. HP: 28/29 MP: 3/3
  1177 | D:2      | Noticed Robin
  1190 | D:2      | Gained mutation: You are mostly covered in sharp spines.
                  | [demonic ancestry]
  1190 | D:2      | Reached XP level 4. HP: 17/35 MP: 4/4
  1192 | D:2      | Reached skill level 4 in Maces & Flails
  1196 | D:2      | Killed Robin
  1537 | D:2      | Found a runed translucent door.
  1538 | D:2      | Noticed Crazy Yiuf
  1569 | D:2      | Killed Crazy Yiuf
  1673 | D:3      | Gained mutation: You have a pair of small horns on your
                  | head. [demonic ancestry]
  1673 | D:3      | Reached XP level 5. HP: 37/41 MP: 5/5
  1788 | D:3      | Reached skill level 5 in Maces & Flails
  2640 | D:4      | Gained mutation: You are completely covered in sharp
                  | spines. [demonic ancestry]
  2640 | D:4      | Reached XP level 6. HP: 47/47 MP: 6/6
  2682 | D:4      | Reached skill level 6 in Maces & Flails
  3858 | D:5      | Entered Level 5 of the Dungeon
  3971 | D:5      | Found a transporter.
  3976 | D:5      | Noticed Ablot's ghost (amateur GnWr)
  3993 | D:5      | Reached skill level 7 in Maces & Flails
  3993 | D:5      | Reached XP level 7. HP: 47/52 MP: 7/7
  4267 | D:5      | Found a staircase to the Ecumenical Temple.
  4312 | Temple   | Entered the Ecumenical Temple
  4321 | Temple   | Became a worshipper of Warmaster Okawaru
  4880 | D:5      | Reached skill level 8 in Maces & Flails
  5230 | D:6      | Reached * piety under Okawaru
  5231 | D:6      | Reached XP level 8. HP: 48/58 MP: 8/8
  5299 | D:6      | Noticed Edmund
  5304 | D:6      | Killed Edmund
  5305 | D:6      | Reached skill level 9 in Maces & Flails
  5308 | D:6      | Reached skill level 1 in Invocations
  5453 | D:6      | Noticed Eustachio
  5457 | D:6      | Killed Eustachio
  5475 | D:6      | Noticed Dowan
  5477 | D:6      | Noticed Duvessa
  5483 | D:6      | Killed Dowan
  5484 | D:6      | Killed Duvessa
  5696 | D:6      | Noticed Pikel
  5714 | D:6      | Killed Pikel
  5714 | D:6      | Reached ** piety under Okawaru
  5715 | D:6      | Reached skill level 10 in Maces & Flails
  5715 | D:6      | Gained mutation: You have a pair of horns on your head.
                  | [demonic ancestry]
  5715 | D:6      | Reached XP level 9. HP: 65/65 MP: 11/11
  6158 | D:7      | Noticed a two-headed ogre
  6164 | D:7      | Killed a two-headed ogre
  6164 | D:7      | Reached *** piety under Okawaru
  6165 | D:7      | Reached skill level 11 in Maces & Flails
  6177 | D:7      | Found a runed translucent door.
  6178 | D:7      | Noticed Turtleman12345's ghost (novice DjCA)
  6237 | D:7      | Reached skill level 5 in Invocations
  6744 | D:7      | Gained mutation: You are partially covered in yellow
                  | scales. (AC +2) [demonic ancestry]
  6744 | D:7      | Reached XP level 10. HP: 73/73 MP: 14/14
  6745 | D:7      | Reached **** piety under Okawaru
  6844 | D:7      | Killed Turtleman12345's ghost
  6845 | D:7      | Reached skill level 5 in Fighting
  6961 | D:5      | Found a transporter.
  7022 | D:5      | Killed Ablot's ghost
  7022 | D:5      | Reached ***** piety under Okawaru
  7096 | D:8      | Reached skill level 12 in Maces & Flails
  7098 | D:8      | Reached skill level 5 in Armour
  7197 | D:8      | Found a staircase to the Lair.
  7224 | D:8      | Received a gift from Okawaru
  7314 | D:8      | Noticed Erica
  7326 | D:8      | Killed Erica
  7629 | D:8      | Found a bloodstained altar of Trog.
  7805 | Lair:1   | Entered Level 1 of the Lair of Beasts
  7834 | Lair:1   | Noticed a cane toad
  7841 | Lair:1   | Killed a cane toad
  7842 | Lair:1   | Gained mutation: Your demonic aura often causes spilled
                  | blood to erupt in flames. [demonic ancestry]
  7842 | Lair:1   | Reached XP level 11. HP: 54/81 MP: 16/16
  7882 | Lair:1   | Noticed Gastronok
  7917 | Lair:1   | Killed Gastronok
  7918 | Lair:1   | Reached skill level 13 in Maces & Flails
  7984 | Lair:1   | Noticed Nergalle
  8004 | Lair:1   | Killed Nergalle
  8126 | Lair:1   | Received a gift from Okawaru
  8844 | Lair:2   | Noticed dangdung's ghost (journeyman MiBe)
  8844 | Lair:2   | Noticed a seven-headed hydra
  8851 | Lair:2   | Noticed a lindwurm
  8858 | Lair:2   | Found a transporter.
  8890 | Lair:2   | Found a transporter.
  8934 | Lair:2   | You fall into a shaft and drop 1 floor!
  8955 | Lair:3   | Noticed a bog body
  8977 | Lair:3   | Reached ****** piety under Okawaru
  8978 | Lair:3   | Reached skill level 14 in Maces & Flails
  8983 | Lair:3   | Killed a bog body
  8984 | Lair:3   | Reached XP level 12. HP: 83/92 MP: 18/18
  9014 | Lair:3   | Received a gift from Okawaru
  9032 | Lair:3   | Found a staircase to the Swamp.
  9047 | Lair:3   | HP: 4/94 [swamp worm (12)]
  9137 | Lair:3   | Found a hole to the Spider Nest.
  9151 | Lair:3   | Identified the amulet "Ymeal" {Reflect Will+ Dex+8 SH+5}
 10239 | Lair:3   | Killed from afar by a meliai

Illustrated notes

Levels and vault maps discovered:
D:1:      grunt_arrival_crossed_arrows, layout_rooms,
          dreamdust_ecumenical_altar_statues, st_stairs_9, columned_hall_lemuel,
          chequers_serial_rivers_micro_c, kennysheep_boxes
D:2:      kennysheep_big_flooded_room, layout_rooms, uniq_robin,
          uniq_crazy_yiuf_cottage
D:3:      layout_loops_ring
D:4:      layout_gridville
D:5:      layout_basic, minmay_temple_entry_junction, gammafunk_ghost_mausoleum,
          roderic_lattice_a
D:6:      layout_basic, uniq_pikel, uniq_duvessa, uniq_eustachio, uniq_edmund
D:7:      layout_gridville, hellmonk_ghost_happy_afterlife
D:8:      layout_rooms, lightli_temple_of_fire, due_lair_maze_entry_diamond,
          nicolae_water_bricks, uniq_erica
Temple:   nicolae_temple_the_god_donut
Lair:1:   layout_loops_ring, uniq_nergalle, uniq_gastronok
Lair:2:   layout_roguey, gammafunk_ghost_berserking_beasts, grunt_megastairs_4,
          uniq_prince_ribbit2
Lair:3:   regret_index_combs_of_tragedy, layout_concentric_octagons,
          nicolae_swamp_entry_splash_gauntlet, spider_nest_entry_webs

Skill      XL: |  1  2  3  4  5  6  7  8  9 10 11 12 |
---------------+-------------------------------------+-----
Maces & Flails | 2 3 4 5 7 8 10 11 12 14 | 14.5
Invocations    | 3 5 7 8 |  8.0
Armour         | 3 4 5 7 8 |  8.4
Fighting       | 4 6 8 |  8.7
Shields        | |  2.6

Action                   |  1- 3 |  4- 6 |  7- 9 | 10-12 || total
-------------------------+-------+-------+-------+-------++-------
Melee: Flail             |    75 |    40 |       |       ||   115
       Morningstar       |       |    56 |   120 |   299 ||   475
       Headbutt          |       |    11 |    20 |    63 ||    94
Evoke: Wand              |       |       |     2 |       ||     2
  Use: Scroll            |       |     8 |       |    15 ||    23
       Potion            |       |       |       |     4 ||     4
Armor: Scale mail        |    31 |    20 |       |       ||    51
       Chain mail        |       |    18 |    54 |   177 ||   249
Dodge: Dodged            |    32 |    23 |    34 |    95 ||   184
Block: Buckler           |    10 |    13 |    26 |    90 ||   139
